 Dungeon Crawl Stone Soup version 0.23-a0-175-g97aacdb (console) character file.

10416 nht the Basher (level 11, -2/62 HPs)
             Began as a Gargoyle Conjurer on Sept 17, 2018.
             Was a Believer of Ashenzari.
             Slain by a wolf (5 damage)
             ... on level 1 of the Lair of Beasts.
             The game lasted 00:25:19 (8486 turns).

nht the Basher (Gargoyle Conjurer)                  Turns: 8486, Time: 00:25:19

Health: -2/62      AC: 21    Str:  7    XL:     11   Next: 61%
Magic:  8/21       EV: 14    Int: 20    God:    Ashenzari [**....]
Gold:   669        SH:  0    Dex: 13    Spells: 6/24 levels left

rFire    + . .     SeeInvis .   r - +10 whip {venom, rPois rF+ Str-4 Dex+3} (curse)
rCold    . . .     Gourm    .   (no shield)
rNeg     + . .     Faith    .   x - +0 troll leather armour (curse) {Purgy}
rPois    ∞         Spirit   .   (no helmet)
rElec    +         Reflect  .   j - +2 cloak (curse)
rCorr    .         Harm     .   k - +2 pair of gloves (curse)
MR       +....                  f - +2 pair of boots (curse)
Stlth    ++........             H - amulet of rage
HPRegen  0.60/turn              s - ring of protection from magic
MPRegen  0.17/turn              I - ring of wizardry

@: no status effects
A: negative energy resistance 1, electricity resistance, unbreathing,
petrification resistance, rot immunity, AC +8
a: Curse Item, Scrying, Renounce Religion, Evoke Berserk Rage


You were on level 1 of the Lair of Beasts.
You worshipped Ashenzari.
Ashenzari was pleased with you.
You were not hungry.

You visited 3 branches of the dungeon, and saw 12 of its levels.
You also visited: Sewer and Ossuary.

You collected 669 gold pieces.

Inventory:

Hand Weapons
 a - a +1 spear of piercing
 r - the cursed +10 whip of Memiqo (weapon) {venom, rPois rF+ Str-4 Dex+3}
   (You found it on level 5 of the Dungeon)

   It poisons the flesh of those it strikes.
   It affects your strength (-4).
   It affects your dexterity (+3).
   It protects you from fire.
   It protects you from poison.
   It has a curse placed upon it.
 M - a +2 whip of electrocution
Missiles
 h - 8 curare-tipped needles
Armour
 f - a cursed +2 pair of boots (worn)
 j - a cursed +2 cloak (worn)
 k - a cursed +2 pair of gloves (worn)
 x - a cursed +0 troll leather armour (worn) {Purgy}
 L - a +0 cloak of poison resistance
Magical Staves
 J - an uncursed staff of wizardry
Jewellery
 s - a ring of protection from magic (left hand)
 B - an uncursed ring of see invisible
 H - an amulet of rage (around neck)
 I - a ring of wizardry (right hand)
Wands
 y - a wand of polymorph (12)
 z - a wand of disintegration (12)
 E - a wand of flame (66)
Scrolls
 b - 4 scrolls of enchant weapon
 d - 3 scrolls of amnesia
 e - 2 scrolls of blinking
 i - 5 scrolls of fear
 m - 2 scrolls of enchant armour
 o - 8 scrolls of teleportation
 F - 2 scrolls of immolation
Potions
 g - 2 potions of agility
 l - 6 potions of curing
 p - 2 potions of invisibility
 q - 4 potions of brilliance
 t - a potion of lignification
 u - 2 potions of mutation
 v - 2 potions of might
 w - 2 potions of magic
 C - 2 potions of flight
 G - a potion of resistance
 K - a potion of heal wounds {unknown}
Miscellaneous
 n - a sack of spiders
Comestibles
 c - 20 rations


   Skills:
 - Level 4.6 Fighting
 - Level 11.3(13.3) Maces & Flails
 + Level 4.8(6.2) Dodging
 - Level 2.1(3.3) Stealth
 - Level 7.0 Spellcasting
 - Level 11.1 Conjurations


You had 6 spell levels left.
You knew the following spells:

 Your Spells              Type           Power        Failure   Level  Hunger
a - Magic Dart            Conj           ####         1%          1    None
b - Searing Ray           Conj           ######       1%          2    None
c - Iskenderun's Mystic   Conj           ######..     1%          4    ###....
d - Force Lance           Conj/Tloc      ####....     6%          4    ###....
e - Fulminant Prism       Conj/Hex       ####......   6%          4    ###....
f - Dazzling Spray        Conj/Hex       ####..       1%          3    #......

Your spell library contained the following spells:

 Spells                   Type           Power        Failure   Level  Hunger
 Corona                   Hex            #......      6%          1    None
 Summon Butterflies       Summ           #.......     6%          1    None
 Ensorcelled Hibernation  Hex/Ice        #.....       9%          2    None
 Call Canine Familiar     Summ           #.......     16%         3    #......
 Confuse                  Hex            #.......     16%         3    #......
 Tukima's Dance           Hex            #.......     16%         3    #......
 Summon Ice Beast         Ice/Summ       #.......     45%         4    ###....
 Summon Mana Viper        Hex/Summ       #.......     80%         5    #####..
 Summon Hydra             Summ           #.........   100%        7    #######


Dungeon Overview and Level Annotations

Branches:
Dungeon (10/15)            Temple (1/1) D:6            Lair (1/6) D:8
    Orc (0/2) D:10

Altars:
Ashenzari
Cheibriados
Dithmenos
Elyvilon
Fedhas
Gozag
Hepliaklqana
Kikubaaqudgha
Makhleb
Nemelex Xobeh
Okawaru
Qazlal
Ru
Sif Muna
Trog
Uskayaw
Vehumet
Wu Jian
Xom
Yredelemnul
Zin
The Shining One

Shops:
D:8 [

Annotations:
D:4 1 runed door, digijack's ghost, amateur DrMo
D:7 1 runed door, DEFE's ghost, novice HaAr


Innate Abilities, Weirdness & Mutations

You are resistant to torment.
Your stone body is resilient. (AC +8)
You are immune to poison.
You resist negative energy. (rN+)
You are resistant to electric shocks. (rElec)
You can survive without breathing.
You are immune to petrification.
You are immune to rotting.


Message History

(Press . to maintain the ray.)
The wolf completely misses you. The spiny frog stings you.
* * * LOW HITPOINT WARNING * * *
The wolf bites you but does no damage. The wolf barely misses you.
The spiny frog stings you.
* * * LOW HITPOINT WARNING * * *
The searing ray hits the spiny frog.
The spiny frog is almost dead.
The wolf bites you.
* * * LOW HITPOINT WARNING * * *
The wolf closely misses you. The wolf bites you but does no damage.
The spiny frog stings you.
* * * LOW HITPOINT WARNING * * *
The wolf bites you but does no damage.
The searing ray hits the spiny frog.
You kill the spiny frog!
The wolf bites you but does no damage. The wolf bites you.
* * * LOW HITPOINT WARNING * * *
The wolf bites you.
You die...

█..<█[......██...
███.†$.........█.
██%h.█..........
, █.██..........█
██...█......██.
█..███........
█P†█ ███...... ,
██.███........
█..†@h.h█..
█.██h...█ █.
█......█ , ..
█......█*
...*█.......█ *
... █........ *
....,.....██.. ,,
, .....█*██ , ,


You could see 3 wolves.

Vanquished Creatures
  Harold (D:7)
  Erica (Lair:1)
  A centaur warrior (D:8)
  Pikel (D:9)
  An ugly thing (D:10)
  Maurice (D:9)
  A spiny frog (Lair:1)
  A centaur skeleton (D:10)
  Prince Ribbit (D:9)
  2 hippogriffs
  Sigmund (D:6)
  10 yaks (D:10)
  A wraith (Ossuary)
  A hungry ghost (D:8)
  A basilisk (Lair:1)
  Edmund (D:4)
  2 porcupines
  3 sky beasts
  4 orc warriors (D:10)
  A black bear (D:7)
  Purgy (Sewer)
  8 wolves
  2 necrophages
  An ogre (D:4)
  5 centaurs
  A crocodile (D:10)
  5 bullfrogs
  A water moccasin zombie (D:8)
  2 electric eels (D:10)
  3 howler monkeys (D:9)
  4 crimson imps
  3 bullfrog zombies
  A hound (D:7)
  4 orc priests
  A jelly (D:6)
  A bullfrog skeleton (D:8)
  5 orc wizards
  7 worker ants
  2 mummies
  2 worker ant zombies
  11 adders
  6 gnolls
  An adder skeleton (D:4)
  2 dart slugs
  4 leopard geckos
  27 orcs
  8 bats
  8 giant cockroaches
  11 goblins
  10 hobgoblins
  9 jackals
  A quokka (D:2)
  3 ball pythons
  6 frilled lizards
  9 gnoll skeletons (Ossuary)
  A jackal zombie (D:5)
  8 kobolds
  3 kobold skeletons (Ossuary)
  A leopard gecko zombie (D:9)
  13 orc skeletons (Ossuary)
  A quokka zombie (D:7)
  5 rats
243 creatures vanquished.

Vanquished Creatures (others)
  An orc (D:10)
  A butterfly (D:6)
  3 fulminant prisms (D:10)
  A fungus (Lair:1)
  2 withered plants (D:4)
8 creatures vanquished.

Grand Total: 251 creatures vanquished

Notes
Turn   | Place    | Note
-------+----------+-------------------------------------------
     0 | D:1      | nht the Gargoyle Conjurer began the quest for the Orb.
     0 | D:1      | Reached XP level 1. HP: 10/10 MP: 3/3
   172 | D:1      | Reached XP level 2. HP: 1/15 MP: 0/5
   459 | D:1      | Reached skill level 5 in Conjurations
   536 | D:1      | Learned a level 2 spell: Searing Ray
   645 | D:1      | Reached XP level 3. HP: 19/19 MP: 3/6
  1115 | D:2      | Reached XP level 4. HP: 24/24 MP: 4/7
  1261 | D:2      | Reached XP level 5. HP: 2/28 MP: 1/8
  1739 | D:2      | Found an iron altar of Okawaru.
  1808 | D:2      | Learned a level 4 spell: Iskenderun's Mystic Blast
  2179 | D:3      | Reached XP level 6. HP: 32/32 MP: 2/10
  2256 | D:3      | Found a glowing drain.
  2261 | Sewer    | Entered a sewer
  2330 | Sewer    | Noticed Purgy
  2339 | Sewer    | Killed Purgy
  3132 | D:4      | Noticed Edmund
  3143 | D:4      | Killed Edmund
  3143 | D:4      | Reached XP level 7. HP: 32/36 MP: 0/13
  3189 | D:4      | Found a runed door.
  3189 | D:4      | Noticed digijack's ghost (amateur DrMo)
  3540 | D:5      | Entered Level 5 of the Dungeon
  3553 | D:5      | Found a blossoming altar of Fedhas.
  3673 | D:5      | Got a crude whip
  3674 | D:5      | Identified the +10 whip of Memiqo {venom, rPois rF+ Str-4
                  | Dex+3} (You found it on level 5 of the Dungeon)
  4016 | D:6      | Noticed Sigmund
  4025 | D:6      | Killed Sigmund
  4025 | D:6      | Reached skill level 5 in Spellcasting
  4080 | D:6      | Found a white marble altar of Elyvilon.
  4178 | D:6      | Found a staircase to the Ecumenical Temple.
  4195 | D:6      | Found a sand-covered staircase.
  4203 | D:6      | Reached XP level 8. HP: 32/41 MP: 8/16
  4217 | Ossuary  | Entered an ossuary
  4217 | Ossuary  | Noticed a wraith
  4217 | Ossuary  | Noticed a wraith
  4217 | Ossuary  | Noticed a wraith
  4284 | Ossuary  | Noticed a wraith
  4295 | Ossuary  | Killed a wraith
  5194 | D:7      | Noticed a hippogriff
  5202 | D:7      | Killed a hippogriff
  5202 | D:7      | Reached skill level 10 in Conjurations
  5202 | D:7      | Reached XP level 9. HP: 35/45 MP: 19/19
  5208 | D:7      | Learned a level 4 spell: Force Lance
  5213 | D:7      | Learned a level 4 spell: Fulminant Prism
  5226 | D:7      | Found a runed door.
  5226 | D:7      | Noticed DEFE's ghost (novice HaAr)
  5370 | D:7      | Reached skill level 1 in Fighting
  5428 | D:7      | Noticed Harold
  5453 | D:7      | Killed Harold
  5508 | D:7      | Found a glowing silver altar of Zin.
  5632 | Temple   | Entered the Ecumenical Temple
  5761 | Temple   | Became a worshipper of Ashenzari the Shackled
  6064 | D:8      | Found Fiahej's Armour Boutique.
  6076 | D:8      | Noticed a centaur warrior
  6088 | D:7      | Reached skill level 1 in Maces & Flails
  6162 | D:8      | Killed a centaur warrior
  6162 | D:8      | Reached skill level 5 in Maces & Flails
  6162 | D:8      | Reached XP level 10. HP: 48/58 MP: 20/20
  6307 | D:8      | Identified the +1 glaive of Cior {holy, rPois}
  6464 | D:8      | Found a staircase to the Lair.
  6512 | D:8      | Noticed a shining eye
  6519 | D:9      | Noticed Prince Ribbit
  6522 | D:9      | Noticed Maurice
  6531 | D:9      | Killed Prince Ribbit
  6546 | D:9      | Killed Maurice
  6685 | D:9      | Reached * piety under Ashenzari
  6754 | D:9      | Noticed Pikel
  6764 | D:9      | Killed Pikel
  7238 | D:10     | Entered Level 10 of the Dungeon
  7497 | D:10     | Learned a level 3 spell: Dazzling Spray
  7550 | D:10     | Reached skill level 10 in Maces & Flails
  7552 | D:10     | Reached XP level 11. HP: 43/62 MP: 3/21
  7625 | D:10     | Noticed a purple ugly thing
  7655 | D:10     | Killed a purple ugly thing
  7954 | D:10     | Reached ** piety under Ashenzari
  8084 | D:10     | Found a staircase to the Orcish Mines.
  8264 | Lair:1   | Entered Level 1 of the Lair of Beasts
  8273 | Lair:1   | Noticed Erica
  8312 | Lair:1   | Killed Erica
  8486 | Lair:1   | HP: 3/62 [wolf (5)]
  8486 | Lair:1   | Slain by a wolf

Vault maps used:
D:1:      scummos_arrival_hexagon
D:2:      kennysheep_okawaru_gauntlet
D:3:      portal_sewer_entry_e
D:4:      first_ration, gammafunk_ghost_grave, uniq_edmund
D:5:      st_stairs_1, fedhas_altar_2
D:6:      elyvilon_altar_5, minmay_temple_entry_butterflies,
          gup_ossuary_entry_pyramid, uniq_sigmund
D:7:      lemuel_doored_altar, ebering_ghost_inner_flame, st_stairs_7,
          uniq_harold
D:8:      minmay_cut_squares, serial_shops, shop
D:9:      uniq_maurice, uniq_prince_ribbit1, uniq_pikel
D:10:     erik_orc_2
Temple:   regret_index_temple_chain_breaker
Lair:1:   grunt_forest_large_clearings, infiniplex_staircase_pool, uniq_erica
Sewer:    sewer_co_purgy_island
Ossuary:  ossuary_due_mausoleum

Skill      XL: |  1  2  3  4  5  6  7  8  9 10 11 |
---------------+----------------------------------+-----
Conjurations   | 5 6 7 8 10 11 | 11.1
Spellcasting   | 3 4 5 7 |  7.0
Fighting       | 4 |  4.6
Maces & Flails | 5 10 11 | 11.3
Dodging        | 4 |  4.8
Stealth        | |  2.1

Action                   |  1- 3 |  4- 6 |  7- 9 | 10-12 || total
-------------------------+-------+-------+-------+-------++-------
Melee: Unarmed           |    71 |    29 |       |       ||   100
       Spear             |       |    27 |       |       ||    27
       Whip              |       |       |   169 |   357 ||   526
 Cast: Magic Dart        |    60 |    84 |    55 |    36 ||   235
       Searing Ray       |     2 |     7 |     7 |     6 ||    22
       Dazzling Spray    |       |       |       |     7 ||     7
       Fulminant Prism   |       |       |       |     3 ||     3
       Iskenderun's Myst |       |       |       |     3 ||     3
Invok: Curse Item        |       |       |     5 |       ||     5
Evoke: Wand              |       |       |       |     5 ||     5
  Use: Potion            |       |     2 |     2 |       ||     4
       Scroll            |       |     7 |    16 |     4 ||    27
 Stab: Distracted        |       |       |     1 |       ||     1
       Invisible         |       |       |       |     1 ||     1
  Eat: Chunk             |     2 |     6 |    10 |    10 ||    28
       Ration            |       |       |       |     1 ||     1
Armor: Robe              |    40 |    38 |       |       ||    78
       Troll leather arm |       |     3 |   129 |   155 ||   287
       Skin              |       |       |    14 |    27 ||    41
Dodge: Dodged            |    50 |    60 |   142 |   148 ||   400

Table legend:
 A = Non-vault XP
 B = Vault XP
 C = Vault XP percentage of total XP
 D = Non-vault monster count
 E = Vault monster count
 F = Vault count percentage of total count
                 A         B        C        D         E       F
            +---------+---------+-------+---------+---------+-------
      Total |    7372 |    7508 |  50.5 |     159 |      84 |  34.6
            +---------+---------+-------+---------+---------+-------
        D:1 |      46 |       0 |   0.0 |      24 |       0 |   0.0
        D:2 |     159 |       3 |   1.9 |      31 |       2 |   6.1
        D:3 |     115 |       0 |   0.0 |      22 |       0 |   0.0
        D:4 |     194 |     154 |  44.3 |       6 |       1 |  14.3
        D:5 |     101 |       4 |   3.8 |       5 |       2 |  28.6
        D:6 |     451 |     249 |  35.6 |       9 |       2 |  18.2
        D:7 |     651 |    1401 |  68.3 |      15 |       3 |  16.7
        D:8 |     589 |    1365 |  69.9 |      10 |       7 |  41.2
        D:9 |     363 |    1372 |  79.1 |       8 |       3 |  27.3
       D:10 |    3723 |     836 |  18.3 |      25 |      21 |  45.7
     Lair:1 |     980 |    1731 |  63.9 |       4 |       8 |  66.7
      Sewer |       0 |     148 | 100.0 |       0 |       8 | 100.0
    Ossuary |       0 |     245 | 100.0 |       0 |      27 | 100.0
            +---------+---------+-------+---------+---------+-------
